 Dungeon Crawl Stone Soup version 0.29-a0-409-gd843f3a48c (webtiles) character file.

Game seed: 11343040675135990390

654 Agony the Skirmisher (level 7, -2/91 HPs)
             Began as a Minotaur Fighter on May 13, 2022.
             Succumbed to a kobold brigand's poison
             ... on level 3 of the Dungeon.
             The game lasted 00:06:20 (2673 turns).

Agony the Skirmisher (Minotaur Fighter)             Turns: 2673, Time: 00:06:21

Health: -2/91      AC: 23    Str: 23    XL:     7   Next: 29%
Magic:  6/6        EV:  2    Int:  5    God:
Gold:   84         SH:  5    Dex:  9    Spells: 6/6 levels left

rFire   + . .      SeeInvis .   a - +0 flail
rCold   + . .      Faith    .   c - +0 buckler
rNeg    . . .      Spirit   .   (body armour currently unavailable)
rPois   +          Reflect  .   (helmet currently unavailable)
rElec   +          Harm     .   (cloak currently unavailable)
rCorr   +          Rampage  .   (gloves currently unavailable)
Will    .....      NoTele   +   (boots currently unavailable)
Stlth   +.........              (no amulet)
HPRegen 0.25/turn               (no ring)
MPRegen 0.10/turn               (no ring)

@: mighty, lethally poisoned (-2 -> -21), tree-form, resistant
A: stationary, stasis, torment immunity, boosted hp, (horns 2), (retaliatory
headbutt)
a: no special abilities


You were on level 3 of the Dungeon.
You were a tree.
You visited 1 branch of the dungeon, and saw 3 of its levels.

You collected 84 gold pieces.

Inventory:

Hand Weapons
 a - a +0 flail (weapon)
Armour
 b - a +0 scale mail (melded)
 c - a +0 buckler (worn)
 k - a +0 pair of boots (melded)
 o - a +0 pair of gloves (melded)
 q - a +1 cloak (melded)
Wands
 r - a wand of digging (5)
Scrolls
 e - a scroll of teleportation
 h - a scroll of noise {unknown}
 l - a scroll of vulnerability {unknown}
 m - a scroll of fog {unknown}
 p - a scroll of brand weapon {unknown}
 u - 3 scrolls of immolation {unknown}
 v - 3 scrolls of identify
Potions
 f - 2 potions of attraction
 g - a potion of haste
 i - a potion of brilliance {unknown}
 j - a potion of flight
 s - a potion of lignification


   Skills:
 + Level 5.6 Fighting
 + Level 4.9 Maces & Flails
 + Level 5.5 Armour
 + Level 3.3 Dodging
 + Level 5.6 Shields


You had 6 spell levels left.
You didn't know any spells.
Your spell library contained the following spells:

 Spells                   Type           Power      Damage    Failure   Level
 Gell's Gravitas          Tloc           0%         N/A       90%         3
 Inner Flame              Hex/Fire       0%         N/A       90%         3
 Lesser Beckoning         Tloc           0%         N/A       90%         3
 Teleport Other           Tloc           0%         N/A       90%         3
 Cause Fear               Hex            0%         N/A       100%        4
 Discord                  Hex            0%         N/A       100%        8


Dungeon Overview and Level Annotations

Branches:
Dungeon (3/15)

Altars:
Elyvilon


Innate Abilities, Weirdness & Mutations

You are a tree.
Your roots penetrate the ground, keeping you stationary.
You cannot be teleported.
You are immune to unholy pain and torment.
Your maximum health is greatly increased.
Your equipment is partially melded.
((You have a pair of horns on your head.))
((You reflexively headbutt those who attack you in melee.))


Message History

You feel very sick. The kobold hits you but does no damage.
The kobold brigand hits you but does no damage.
You block the kobold's attack. The kobold brigand barely misses you.
You barely miss the kobold.
You feel sick. The kobold hits you but does no damage.
The kobold brigand completely misses you.
You barely miss the kobold.
You feel sick. The kobold hits you but does no damage.
The kobold brigand hits you but does no damage.
You closely miss the kobold.
You feel sick. The kobold hits you but does no damage.
The kobold brigand hits you but does no damage.
You hit the kobold.
You kill the kobold!
You feel sick.
The kobold brigand hits you but does no damage.
You barely miss the kobold brigand.
You feel sick.
You are no longer poisoned.
The kobold brigand hits you but does no damage.
You sock the kobold brigand!
The kobold brigand is moderately wounded.
The kobold brigand hits you with a +2 dagger of venom.
* * * LOW HITPOINT WARNING * * *
You are lethally poisoned!
The kobold brigand hits you but does no damage.
You feel protected.
* * * LOW HITPOINT WARNING * * *
You feel very sick.
The kobold brigand hits you but does no damage.
You are more poisoned.
You thump the kobold brigand!
The kobold brigand is severely wounded.
* * * LOW HITPOINT WARNING * * *
You feel very sick.
The kobold brigand hits you but does no damage.
You are more poisoned.
You sock the kobold brigand!
You kill the kobold brigand!
You die...

...##.##### ≈≈...)### ####
≈.....#.## #..##### ..≈....#.##
#.##.⌠.## .≈≈...###.##
#.#.#.#.## §§§§.## ##.##
##.'..#..$# §§§§## ##.#
#..'.....?# §§§..##
##.####)))..#...#######
≈.§...###....##)♣#$#.#.##.....#
≈≈.§##.#.>##.##(.##.⌠.##...##.#
...###....##.##...#####..#.##.#
..####..#.......### #.....##.#
.###......##.#########..##.##.#
####.#....##........##.....##.#
...#.#........................#
...#.#.#..###.......#####..####
<...................#####...#


There were no monsters in sight!

Vanquished Creatures
  Grinder (D:3)
  Sigmund (D:3)
  The ghost of LavaOrcPlayer the Skirmisher, an amateur DsCA of Ignis (D:3)
  A kobold brigand (D:3)
  A hound (D:3)
  Jessica (D:2)
  Ijyb (D:3)
  3 adders (D:3)
  2 worms
  A dart slug (D:2)
  An orc (D:3)
  8 ball pythons
  5 endoplasms
  2 giant cockroaches
  5 goblins
  3 hobgoblins
  7 jackals
  3 quokkas
  5 bats
  4 frilled lizards
  12 kobolds
  6 rats
74 creatures vanquished.

Notes
Turn   | Place    | Note
-------+----------+-------------------------------------------
     0 | D:1      | Agony the Minotaur Fighter began the quest for the Orb.
     0 | D:1      | Reached XP level 1. HP: 19/19 MP: 0/0
   102 | D:1      | Reached XP level 2. HP: 27/27 MP: 1/1
   349 | D:1      | Reached XP level 3. HP: 26/33 MP: 2/2
   730 | D:2      | Noticed Jessica
   732 | D:2      | Killed Jessica
   795 | D:2      | Reached skill level 1 in Dodging
   887 | D:2      | Reached XP level 4. HP: 40/40 MP: 3/3
  1189 | D:2      | Found a faded altar of an unknown god.
  1770 | D:3      | Noticed Grinder
  1799 | D:3      | Killed Grinder
  1800 | D:3      | Reached XP level 5. HP: 38/47 MP: 4/4
  1865 | D:3      | Noticed Ijyb
  1876 | D:3      | Killed Ijyb
  1877 | D:3      | Reached skill level 5 in Shields
  1877 | D:3      | Reached XP level 6. HP: 52/55 MP: 5/5
  1916 | D:3      | Reached skill level 5 in Fighting
  1928 | D:3      | Noticed LavaOrcPlayer's ghost (amateur DsCA)
  1930 | D:3      | Found a runed translucent gate.
  1930 | D:3      | Found a runed translucent gate.
  1930 | D:3      | Found a runed translucent gate.
  1974 | D:3      | Found a white marble altar of Elyvilon.
  2111 | D:3      | Reached skill level 5 in Armour
  2332 | D:3      | Noticed Sigmund
  2345 | D:3      | Killed Sigmund
  2346 | D:3      | Reached XP level 7. HP: 39/61 MP: 6/6
  2659 | D:3      | Killed LavaOrcPlayer's ghost
  2663 | D:3      | HP: 4/91 [poisoned by a kobold brigand]
  2672 | D:3      | HP: 2/91 [poisoned by a kobold brigand]
  2673 | D:3      | Succumbed to a kobold brigand's poison

Illustrated notes

Levels and vault maps discovered:
D:1:      denvon_arrival_hothouse, layout_rooms
D:2:      layout_basic, ebering_ecumenical_altar_ruins,
          kennysheep_generic_room_11, uniq_jessica
D:3:      layout_loops_cross, mainiacjoe_overflow_small_starburst,
          gammafunk_ghost_nasty_kobolds, uniq_sigmund, uniq_ijyb, uniq_grinder

Skill      XL: |  1  2  3  4  5  6 |
---------------+-------------------+-----
Shields        | 4 5 |  5.6
Fighting       | 4 5 |  5.6
Armour         | 4 5 |  5.5
Maces & Flails | 3 4 |  4.9
Dodging        | 1 2 3 |  3.3

Action                   |  1- 3 |  4- 6 |  7- 9 || total
-------------------------+-------+-------+-------++-------
Melee: Flail             |    72 |    95 |    18 ||   185
       Headbutt          |     7 |    12 |     1 ||    20
  Use: Scroll            |     2 |     3 |       ||     5
       Potion            |       |       |     5 ||     5
Armor: Scale mail        |    60 |    45 |    21 ||   126
       Skin              |       |       |    14 ||    14
Dodge: Dodged            |    62 |    41 |    14 ||   117
Block: Buckler           |    30 |    18 |     7 ||    55

Table legend: (Time is in decaauts)
 A = Elapsed time spent in this place.
 B = Non-inter-level travel time spent in this place.
 C = Inter-level travel time spent in this place.
 D = Time resting spent in this place.
 E = Time spent auto-exploring this place.
 F = Levels seen in this place.
 G = Mean time per level.
                   A        B        C        D        E       F      G
               +--------+--------+--------+--------+--------+-----+--------+
         Total |   2727 |   2556 |    171 |      0 |   2050 |   3 |  909.0 |
       Dungeon |   2727 |   2556 |    171 |      0 |   2050 |   3 |  909.0 |
               +--------+--------+--------+--------+--------+-----+--------+

Top non-repeatable levels by time:
     D:2: 1025 daAuts
     D:3: 936 daAuts
     D:1: 765 daAuts
